 Dungeon Crawl Stone Soup version 0.29.1-14-g9c671dbff4 (webtiles) character file.

Game seed: 5847447876021917063

2366 cdecastro the Fighter (level 9, -2/91 HPs)
             Began as a Hill Orc Fighter on Feb 21, 2023.
             Was an Initiate of the Shining One.
             Slain by a steam dragon (7 damage)
             ... on level 7 of the Dungeon.
             The game lasted 00:10:17 (6749 turns).

cdecastro the Fighter (Hill Orc Fighter)            Turns: 6749, Time: 00:10:18

Health: -2/91      AC:  9    Str: 23    XL:     9   Next: 44%
Magic:  9/9        EV:  8    Int:  8    God:    the Shining One [......]
Gold:   253        SH:  0    Dex: 10    Spells: 8/8 levels left

rFire   . . .      SeeInvis +   x - +1 hand axe (flame)
rCold   . . .      Faith    .   (no shield)
rNeg    . . .      Spirit   .   n - +0 chain mail
rPois   .          Reflect  .   (no helmet)
rElec   .          Harm     .   (no cloak)
rCorr   .          Rampage  .   (no gloves)
Will    .....                   (no boots)
Stlth   ..........              (no amulet)
HPRegen 0.25/turn               l - ring of see invisible
MPRegen 0.11/turn               (no ring)

@: glowing
A: no striking features
a: Renounce Religion


You were on level 7 of the Dungeon.
You worshipped the Shining One.
The Shining One was noncommittal.
You visited 2 branches of the dungeon, and saw 8 of its levels.
You also visited: Sewer.

You collected 253 gold pieces.

Inventory:

Hand Weapons
 a - a +0 war axe
 x - a +1 hand axe of flaming (weapon)
 G - a +4 vorpal longbow
Missiles
 m - 8 poisoned darts (quivered)
 s - 7 boomerangs
Armour
 c - a +0 buckler
 n - a +0 chain mail (worn)
Jewellery
 l - a ring of see invisible (left hand)
 C - an amulet of faith
Wands
 y - a wand of charming (12)
Scrolls
 b - a scroll of silence {unknown}
 e - 2 scrolls of amnesia {unknown}
 f - a scroll of teleportation {unknown}
 h - a scroll of noise {unknown}
 k - 2 scrolls of immolation {unknown}
 r - a scroll of poison {unknown}
 v - 3 scrolls of identify {unknown}
 w - a scroll of vulnerability {unknown}
 A - 2 scrolls of magic mapping {unknown}
 D - a scroll of fog {unknown}
 F - a scroll of blinking {unknown}
Potions
 d - a potion of might
 g - 2 potions of lignification {unknown}
 i - 2 potions of haste {unknown}
 j - 2 potions of degeneration {unknown}
 o - 3 potions of flight {unknown}
 p - a potion of resistance
 q - 2 potions of curing {unknown}
 t - a potion of attraction {unknown}
 u - 2 potions of brilliance {unknown}
 z - a potion of mutation {unknown}
 B - a potion of magic {unknown}
 E - 2 potions of heal wounds {unknown}


   Skills:
 + Level 12.3 Fighting
 - Level 10.0 Axes
 - Level 3.2 Armour
 - Level 3.2 Shields


You had 8 spell levels left.
You didn't know any spells.
Your spell library contained the following spells:

 Spells                   Type           Power      Damage    Failure   Level
 Poisonous Vapours        Pois/Air       0%         N/A       99%         2
 Call Canine Familiar     Summ           0%         N/A       100%        3
 Portal Projectile        Hex/Tloc       0%         N/A       100%        3
 Corpse Rot               Necr/Pois/Air  0%         N/A       100%        4
 Leda's Liquefaction      Hex/Erth       0%         N/A       100%        4


Dungeon Overview and Level Annotations

Branches:
Dungeon (7/15)             Temple (1/1) D:5           Sewer (visited)

Altars:
Ashenzari
Cheibriados
Dithmenos
Elyvilon
Fedhas
Gozag
Hepliaklqana
Kikubaaqudgha
Makhleb
Nemelex Xobeh
Okawaru
Qazlal
Ru
Sif Muna
Uskayaw
Vehumet
Wu Jian
Xom
Yredelemnul
Zin
The Shining One

Annotations:
D:2 Sigmund
D:4 2 transporters


Message History

The steam dragon barely misses you.
The steam dragon claws you but does no damage.
Unknown command.
You hit the steam dragon. You burn the steam dragon.
The steam dragon is moderately wounded.
You are engulfed in a cloud of scalding steam.
The centaur shoots an arrow.
The arrow barely misses you.
Unknown command.
You slash the steam dragon! You burn the steam dragon.
The steam dragon is heavily wounded.
The steam dragon bites you!
* * * LOW HITPOINT WARNING * * *
The steam dragon claws you but does no damage.
Unknown command.
The steam dragon bites you but does no damage.
The steam dragon claws you.
* * * LOW HITPOINT WARNING * * *
The centaur shoots an arrow.
The arrow hits you.
* * * LOW HITPOINT WARNING * * *
Unknown command.
You barely miss the steam dragon.
The steam dragon is heavily wounded.
The centaur shoots an arrow.
The arrow hits you.
* * * LOW HITPOINT WARNING * * *
The steam dragon closely misses you.
The steam dragon claws you but does no damage.
Unknown command.
The centaur shoots an arrow.
The arrow hits you!
* * * LOW HITPOINT WARNING * * *
The steam dragon misses you. The steam dragon barely misses you.
Unknown command.
The centaur shoots an arrow.
The arrow hits you!
* * * LOW HITPOINT WARNING * * *
A white imp comes into view.
The centaur shoots an arrow.
The arrow hits you!
* * * LOW HITPOINT WARNING * * *
Unknown command.
The steam dragon attacks as you move away!
The steam dragon bites you!
You die...

.............
##.##.####### .#..
##....# ##. . ##.##.# ..
. ##.##.# .#.# #
.#....###########.#.##.#
.......................#
...########............#
...# #......D@.c....#
.... ..................5
...# ######............#
. # #............. .#
#...........## #
.............#
####..........#
#..........#


You could see a steam dragon, a centaur and a white imp.

Vanquished Creatures
  Pikel (D:5)
  Eustachio (D:5)
  A water moccasin (D:6)
  An ice beast (D:5)
  3 black bears
  Pargi (Sewer)
  An ogre (D:5)
  A centaur (D:6)
  A phantom (D:4)
  2 bullfrogs
  2 necrophages
  A scorpion (D:5)
  A howler monkey (D:6)
  A quasit (D:4)
  A hound (D:6)
  2 orc priests
  2 jellies
  6 orc wizards
  4 gnolls
  12 adders
  6 shadow imps
  4 ufetubi
  5 worms
  7 dart slugs
  12 orcs
  A bat (Sewer)
  4 endoplasms
  6 giant cockroaches
  6 goblins
  4 hobgoblins
  2 jackals (D:5)
  3 quokkas
  4 ball pythons
  5 frilled lizards
  10 kobolds
  2 rats (D:1)
126 creatures vanquished.

Vanquished Creatures (others)
  2 demonic plants (D:4)
2 creatures vanquished.

Grand Total: 128 creatures vanquished

Notes
Turn   | Place    | Note
-------+----------+-------------------------------------------
     0 | D:1      | cdecastro the Hill Orc Fighter began the quest for the Orb.
     0 | D:1      | Reached XP level 1. HP: 19/19 MP: 1/1
    95 | D:1      | Reached XP level 2. HP: 17/26 MP: 2/2
   373 | D:1      | Found a faded altar of an unknown god.
   757 | D:1      | Reached XP level 3. HP: 27/31 MP: 3/3
   821 | D:2      | Noticed Sigmund
   832 | D:1      | Reached skill level 5 in Axes
  1150 | D:3      | Reached XP level 4. HP: 39/39 MP: 4/4
  1787 | D:3      | Reached XP level 5. HP: 40/45 MP: 5/5
  2419 | D:4      | Found a transporter.
  2419 | D:4      | Noticed a fire bat
  2421 | D:4      | Noticed a fire bat
  2436 | D:4      | Noticed a black bear
  2489 | D:4      | Reached XP level 6. HP: 40/51 MP: 6/6
  2572 | D:4      | Killed a black bear
  2584 | D:4      | Noticed a black bear
  2585 | D:4      | Found a transporter.
  2594 | D:4      | Killed a black bear
  2847 | D:4      | Reached XP level 7. HP: 48/57 MP: 7/7
  3113 | D:4      | Reached skill level 10 in Axes
  3308 | D:3      | Reached skill level 4 in Fighting
  3405 | D:4      | Reached skill level 5 in Fighting
  3648 | D:5      | Entered Level 5 of the Dungeon
  3663 | D:5      | Found a staircase to the Ecumenical Temple.
  3669 | D:5      | Noticed Pikel
  3689 | D:5      | HP: 2/61 [Pikel/+2 whip of freezing (4)]
  3690 | D:5      | Killed Pikel
  3691 | D:5      | Reached skill level 8 in Fighting
  3691 | D:5      | Reached XP level 8. HP: 3/74 MP: 8/8
  4024 | D:5      | Found a glowing golden altar of the Shining One.
  4104 | D:5      | Reached skill level 9 in Fighting
  4108 | D:5      | Found a glowing silver altar of Zin.
  4186 | D:5      | Found a glowing drain.
  4190 | D:5      | Noticed Eustachio
  4199 | Sewer    | Entered a sewer
  4339 | Sewer    | Noticed Pargi
  4352 | Sewer    | Killed Pargi
  4547 | D:5      | Killed Eustachio
  4548 | D:5      | Reached skill level 10 in Fighting
  4647 | Temple   | Entered the Ecumenical Temple
  4907 | D:5      | Became a worshipper of the Shining One
  5075 | D:5      | Reached XP level 9. HP: 73/86 MP: 9/9
  5279 | D:5      | Reached skill level 11 in Fighting
  5566 | D:5      | Found a basalt altar of Yredelemnul.
  5569 | D:5      | Found a shadowy altar of Dithmenos.
  5569 | D:5      | Found a hide-covered altar of Uskayaw.
  5576 | D:5      | Found a burning altar of Makhleb.
  6222 | D:6      | Reached skill level 12 in Fighting
  6749 | D:7      | Slain by a steam dragon

Illustrated notes

Levels and vault maps discovered:
D:1:      lemuel_arrival_funnel, layout_basic, basic_ecumenical_altar
D:2:      layout_basic, serial_bayou_pond_e, serial_bayou_pond_c,
          minmay_pentomino_z4, uniq_jessica, uniq_sigmund
D:3:      layout_loops_corners
D:4:      gammafunk_cloud_chamber, layout_rooms, serial_demonic,
          serial_demonic_e, serial_demonic_e, serial_demonic_f,
          serial_demonic_a, dk_noncrumbling_4, item_on_display_a
D:5:      layout_basic, nicolae_overflow_hallway_of_the_gods,
          mainiacjoe_overflow_boulevard, minmay_temple_entry_drinking_statues,
          cheibrodos_sewer_entry_drain, roderic_serpentine_path, uniq_eustachio,
          uniq_pikel
D:6:      layout_basic
D:7:      layout_basic, kennysheep_generic_room_9
Temple:   regret_index_temple_generic_petals

Skill      XL: |  1  2  3  4  5  6  7  8  9 |
---------------+----------------------------+-----
Axes           | 3 4 5 6 8 9 10 | 10.0
Fighting       | 8 10 12 | 12.3
Armour         | |  3.2
Shields        | |  3.2

Action                   |  1- 3 |  4- 6 |  7- 9 || total
-------------------------+-------+-------+-------++-------
Melee: War axe           |    61 |   135 |    24 ||   220
       Hand axe          |       |       |   267 ||   267
       Punch             |       |       |     4 ||     4
  Use: Potion            |       |     1 |     2 ||     3
Armor: Scale mail        |    30 |       |       ||    30
       Chain mail        |     2 |    88 |   138 ||   228
Dodge: Dodged            |    28 |    46 |    91 ||   165
